 Dungeon Crawl Stone Soup version 0.27.1-34-g3ba077fa99 (webtiles) character file.

Game seed: 8253801289829735501

400 ticklebelly the Chopper (level 6, -8/87 HPs)
             Began as a Minotaur Berserker on Jan 4, 2022.
             Was a Believer of Trog.
             Mangled by a vampire mosquito (10 damage)
             ... on level 5 of the Dungeon.
             The game lasted 00:05:25 (2715 turns).

ticklebelly the Chopper (Minotaur Berserker)        Turns: 2715, Time: 00:05:25

Health: -8/87      AC: 13    Str: 23    XL:     6   Next: 54%
Magic:  5/5        EV: 10    Int:  4    God:    Trog [**....]
Gold:   136        SH:  0    Dex: 10    Spells: 5/5 levels left

rFire    . . .     SeeInvis .   q - +1 flail (protect)
rCold    . . .     Faith    .   (no shield)
rNeg     . . .     Spirit   .   d - +0 scale mail
rPois    .         Reflect  .   (helmet restricted)
rElec    .         Harm     .   (no cloak)
rCorr    .         Rampage  .   (no gloves)
Will     .....                  (no boots)
Stlth    ..........             i - amulet of the acrobat
HPRegen  0.24/turn              (no ring)
MPRegen  0.09/turn              (no ring)

@: berserking, under a protective aura, very quick
A: horns 2, retaliatory headbutt
a: Renounce Religion, Berserk, Trog's Hand


You were on level 5 of the Dungeon.
You worshipped Trog.
Trog was pleased with you.
You visited 1 branch of the dungeon, and saw 5 of its levels.

You collected 136 gold pieces.

Inventory:

Hand Weapons
 a - a +0 hand axe
 q - a +1 flail of protection (weapon)
Armour
 d - a +0 scale mail (worn)
Jewellery
 b - a ring of protection from cold
 e - a ring of fire
 i - an amulet of the acrobat (around neck)
Scrolls
 g - a scroll of holy word {unknown}
 k - a scroll of magic mapping {unknown}
 l - a scroll of fog {unknown}
 o - a scroll of identify {unknown}
 r - 2 scrolls of blinking {unknown}
Potions
 c - 2 potions of invisibility {unknown}
 f - a potion of degeneration {unknown}
 h - a potion of might {unknown}
 j - a potion of ambrosia {unknown}
 m - a potion of berserk rage {unknown}
 n - a potion of mutation {unknown}
 p - a potion of heal wounds {unknown}


   Skills:
 + Level 6.8 Fighting
 + Level 6.8 Axes
 - Level 2.4 Armour
 - Level 2.1 Dodging


You had 5 spell levels left.
You didn't know any spells.
Your spell library was empty.

Dungeon Overview and Level Annotations

Branches:
Dungeon (6/15)             Temple (0/1) D:6

Altars:
Fedhas

Annotations:
D:3 Ijyb
D:5 Edmund


Innate Abilities, Weirdness & Mutations

You have a pair of horns on your head.
You reflexively headbutt those who attack you in melee.


Message History

* * * LOW HITPOINT WARNING * * *
The vampire mosquito draws strength from your injuries!
The vampire mosquito bites you.
* * * LOW HITPOINT WARNING * * *
The vampire mosquito draws strength from your injuries!
The vampire mosquito closely misses you.
The vampire mosquito bites you.
* * * LOW HITPOINT WARNING * * *
The vampire mosquito draws strength from your injuries!
You barely miss the vampire mosquito.
Your headbutt misses the vampire mosquito.
The vampire mosquito is moderately damaged.
The vampire mosquito closely misses you.
The vampire mosquito bites you but does no damage.
The vampire mosquito bites you!
* * * LOW HITPOINT WARNING * * *
The vampire mosquito draws strength from your injuries!
You sock the vampire mosquito!
Your weapon exudes an aura of protection.
The vampire mosquito is severely damaged.
The vampire mosquito closely misses you.
You furiously retaliate!
You headbutt the vampire mosquito.
The vampire mosquito closely misses you.
You furiously retaliate!
You headbutt the vampire mosquito!!
You destroy the vampire mosquito!
Trog accepts your kill. The vampire mosquito bites you.
* * * LOW HITPOINT WARNING * * *
The vampire mosquito draws strength from your injuries!
You thump the vampire mosquito!
Your headbutt misses the vampire mosquito.
The vampire mosquito is moderately damaged.
The vampire mosquito bites you!
* * * LOW HITPOINT WARNING * * *
The vampire mosquito draws strength from your injuries!
The vampire mosquito bites you but does no damage. x2
You barely miss the vampire mosquito.
The vampire mosquito is moderately damaged.
The vampire mosquito bites you!
You die...

..##8.8# @##.##
..#...# ..#..#
#.#8.8# ##....#
##.#...# .....
#...#.## ....
##.....# #..# #
#.....######..#.#
#..#.(...#y#....##
#^.##(....@y@.....#
....
#...#.###.....#
.... #..####
#...### .... .....
....# .#...# ....#
...#)#. #..## ...#
.#.# ..


You could see Edmund and 2 vampire mosquitoes.

Vanquished Creatures
  A vampire mosquito (D:5)
  A black bear (D:6)
  A scorpion (D:6)
  A bullfrog skeleton (D:5)
  A jelly (D:5)
  3 adders (D:2)
  3 dart slugs
  An orc (D:5)
  4 ball pythons
  An endoplasm (D:2)
  A giant cockroach (D:2)
  5 goblins
  4 hobgoblins
  A quokka (D:2)
  2 bats (D:3)
  2 kobolds (D:1)
  3 rats
35 creatures vanquished.

Notes
Turn   | Place    | Note
-------+----------+-------------------------------------------
     0 | D:1      | ticklebelly the Minotaur Berserker began the quest for the
                  | Orb.
     0 | D:1      | Reached XP level 1. HP: 19/19 MP: 0/0
   648 | D:1      | Reached XP level 2. HP: 27/27 MP: 1/1
   714 | D:1      | Found a faded altar of an unknown god.
  1090 | D:2      | Reached XP level 3. HP: 33/34 MP: 2/2
  1204 | D:2      | Found a blossoming altar of Fedhas.
  2042 | D:3      | Noticed Ijyb
  2044 | D:3      | You fall into a shaft and drop 3 floors!
  2081 | D:6      | Noticed a scorpion
  2095 | D:6      | Killed a scorpion
  2095 | D:6      | Reached ** piety under Trog
  2096 | D:6      | Reached skill level 5 in Fighting
  2096 | D:6      | Reached skill level 5 in Axes
  2096 | D:6      | Reached XP level 4. HP: 7/42 MP: 3/3
  2099 | D:6      | HP: 2/42 [poisoned by a scorpion]
  2364 | D:6      | Found a staircase to the Ecumenical Temple.
  2367 | D:6      | Noticed a black bear
  2371 | D:6      | Killed a black bear
  2372 | D:6      | Reached XP level 5. HP: 50/50 MP: 4/4
  2491 | D:5      | Entered Level 5 of the Dungeon
  2515 | D:5      | Noticed a phantom
  2577 | D:5      | Reached XP level 6. HP: 34/57 MP: 5/5
  2702 | D:5      | Noticed a vampire mosquito
  2703 | D:5      | Noticed a vampire mosquito
  2703 | D:5      | Noticed a vampire mosquito
  2704 | D:5      | Noticed Edmund
  2713 | D:5      | Killed a vampire mosquito
  2714 | D:5      | HP: 2/87 [vampire mosquito (7)]
  2715 | D:5      | Mangled by a vampire mosquito

Illustrated notes

Levels and vault maps discovered:
D:1:      lemuel_arrival_room, layout_loops_corners,
          shapermc_ecumenical_altar_pompeii
D:2:      layout_basic, basic_altar
D:3:      layout_rooms, uniq_ijyb
D:5:      cheibrodos_fzero, layout_cave_pools, chequers_avenue, uniq_edmund
D:6:      layout_cave_pods, nicolae_hepliaklqana_hazy_memory, temple_pool_b,
          uniq_crazy_yiuf_cottage, uniq_menkaure

Skill      XL: |  1  2  3  4 |
---------------+-------------+-----
Fighting       | 4 5 6 |  6.8
Axes           | 4 5 6 |  6.8
Armour         | |  2.4
Dodging        | |  2.1

Action                   |  1- 3 |  4- 6 || total
-------------------------+-------+-------++-------
Melee: Hand axe          |    73 |     9 ||    82
       Headbutt          |     9 |     5 ||    14
       Flail             |       |    21 ||    21
Invok: Berserk           |     1 |     2 ||     3
       Trog's Hand       |       |     1 ||     1
Armor: Scale mail        |    29 |     9 ||    38
Dodge: Dodged            |    45 |    27 ||    72
